Map: World of Sleepers LE

Players

SpeCial

  • Race: Terran Terran
  • Spawn Location: 7:00

Reynor - Winner!

  • Race: Zerg Zerg
  • Spawn Location: 1:00

VOD

Have the link to the VOD?

Description

Time

  • Played on: Sept. 8, 2019, 2:35 p.m.
  • Length: 7:51
Show
View Real Time Build Order
Export as new Build Order

SpeCial Terran 

Build Orders: 2 Factory, Command Center First (CC), Hellion Opening, Mech 

Get SALT Encoding   

  12  0:00  SCV  
  13  0:13  SCV  
  14  0:17  Supply Depot  
  14  0:25  SCV  
  15  0:39  SCV  
  16  0:51  SCV  
  17  0:58  Command Center  
  17  1:03  SCV  
  18  1:12  Barracks  
  18  1:15  SCV  
  19  1:21  Refinery  
  19  1:27  SCV  
  19  1:31  Refinery  
  20  1:39  SCV  
  21  1:51  SCV  
  22  1:59  Marine  
  23  2:03  Orbital Command  
  23  2:09  Orbital Command  
  23  2:12  Factory  
  23  2:19  Barracks Reactor  
  23  2:29  SCV  
  24  2:35  SCV  
  25  2:41  SCV, Factory  
  26  2:47  SCV  
  27  2:53  SCV  
  27  2:57  Supply Depot  
  28  2:59  SCV  
  28  3:02  Hellion, Starport  
  28  3:05  Hellion  
  33  3:07  Marine  
  33  3:08  SCV  
  33  3:11  SCV  
  36  3:21  SCV  
  36  3:23  SCV  
  36  3:26  Hellion  
  36  3:27  Marine, Factory Tech Lab  
  40  3:33  Supply Depot  
  43  3:34  Hellion  
  43  3:35  SCV  
  43  3:36  SCV  
  45  3:51  SCV  
  45  3:55  Infernal Pre-Igniter, Hellion, SCV, Medivac  
  51  3:57  Hellion, Supply Depot  
  51  4:02  Barracks Tech Lab  
  53  4:07  SCV  
  53  4:08  Supply Depot  
  54  4:18  SCV  
  54  4:19  SCV, Hellion x3  
  54  4:20  Supply Depot  
  62  4:27  Starport Tech Lab  
  62  4:30  SCV  
  63  4:31  SCV  
  63  4:37  Armory  
  64  4:40  Supply Depot, Hellion x3  
  64  4:43  SCV  
  71  4:50  Cloaking Field  
  71  4:51  Viking  
  73  4:53  SCV  
  73  4:54  Supply Depot  
  73  4:55  SCV  
  75  5:02  Hellion  
  75  5:03  Hellion  
  75  5:05  SCV  
  80  5:14  SCV  
  80  5:20  Command Center  
  81  5:25  Banshee  
  81  5:26  SCV x2  
  90  5:28  Hellion x2  
  90  5:33  Command Center, Refinery  
  89  5:35  Refinery  
  89  5:39  SCV  
  89  5:40  SCV  
  89  5:46  Siege Tank  
  89  5:49  Terran Vehicle Weapons Level 1  
  92  5:51  SCV  
  92  5:54  SCV  
  92  5:56  Supply Depot  
  88  6:02  Hellion x2  
  88  6:03  SCV  
  91  6:06  SCV  
  92  6:15  Factory  
  92  6:22  Siege Tank  
  92  6:23  Hellion x2  
  92  6:24  SCV  
  100  6:32  Supply Depot  
  100  6:33  Supply Depot  
  100  6:35  SCV  
  101  6:42  Banshee  
  101  6:45  Hellion x2  
  101  6:46  Orbital Command  
  98  6:47  SCV  
  98  6:54  SCV  
  90  7:00  Siege Tank  
  91  7:02  SCV  
  91  7:03  Siege Tank  
  91  7:05  Orbital Command  
  91  7:06  Hellion x2  
  91  7:08  SCV  
  100  7:14  SCV  
  101  7:20  SCV  
  98  7:29  Hellion x2  
  85  7:30  SCV x2  
Show
View Real Time Build Order
Export as new Build Order

Reynor Zerg - Winner!

Build Orders: Hatch First 

Get SALT Encoding   

  12  0:00  Drone  
  13  0:12  Overlord  
  13  0:17  Drone  
  14  0:30  Drone x2  
  16  0:47  Hatchery  
  15  0:50  Drone  
  15  0:54  Drone  
  17  0:57  Drone  
  18  1:08  Extractor  
  17  1:12  Spawning Pool  
  17  1:16  Drone  
  17  1:19  Drone  
  18  1:28  Drone  
  19  1:39  Drone  
  20  1:49  Overlord  
  20  1:59  Queen x2  
  20  2:00  Zergling x4  
  26  2:10  Drone x2  
  28  2:21  Hatchery  
  27  2:24  Drone  
  28  2:32  Drone  
  29  2:38  Queen  
  29  2:40  Pneumatized Carapace  
  29  2:44  Overlord  
  31  2:47  Drone  
  31  2:48  Drone  
  31  2:50  Drone  
  34  2:55  Zergling x2  
  34  2:56  Zergling x2  
  36  3:06  Drone  
  36  3:07  Drone  
  36  3:09  Drone x3  
  41  3:14  Overlord  
  41  3:17  Metabolic Boost  
  41  3:22  Queen  
  41  3:25  Drone  
  44  3:33  Drone x3  
  47  3:37  Queen  
  47  3:40  Drone x2  
  51  3:44  Drone x2  
  51  3:46  Zergling x4  
  55  3:50  Drone x2  
  55  3:51  Drone  
  58  3:56  Overlord  
  58  4:02  Overlord  
  58  4:05  Overlord  
  58  4:14  Drone  
  58  4:15  Drone  
  58  4:16  Drone x2  
  62  4:17  Overlord  
  62  4:18  Drone  
  62  4:19  Roach Warren  
  62  4:21  Lair  
  62  4:23  Drone x2  
  64  4:25  Extractor  
  64  4:27  Drone x2, Extractor  
  64  4:29  Zergling x2  
  64  4:30  Zergling x2  
  66  4:36  Queen  
  66  4:38  Zergling x4  
  70  4:41  Overlord  
  70  4:43  Zergling x2  
  70  4:44  Drone x2  
  70  4:45  Drone  
  74  4:47  Overlord  
  74  4:50  Drone  
  74  4:51  Drone x2  
  77  4:58  Drone  
  78  5:01  Roach  
  78  5:02  Roach x3  
  78  5:05  Roach  
  88  5:08  Drone, Extractor  
  88  5:12  Roach x2  
  92  5:20  Drone x6  
  92  5:24  Drone  
  92  5:31  Roach x2  
  96  5:36  Drone  
  96  5:38  Overlord x2, Glial Reconstitution  
  96  5:39  Overlord  
  96  5:44  Overlord  
  96  5:50  Overlord  
  96  5:56  Drone  
  97  5:57  Drone x3  
  97  5:58  Drone x2  
  102  6:05  Roach x2  
  102  6:06  Evolution Chamber  
  102  6:08  Roach x4  
  102  6:10  Extractor  
  102  6:11  Zergling x6  
  115  6:17  Drone x2  
  117  6:23  Roach  
  117  6:25  Overlord  
  119  6:28  Roach  
  119  6:29  Hatchery  
  120  6:34  Roach  
  120  6:37  Roach  
  120  6:39  Roach x3  
  130  6:42  Overlord  
  130  6:43  Spore Crawler  
  130  6:44  Roach x3  
  135  6:48  Queen  
  135  6:51  Overlord, Overseer x2  
  137  6:57  Roach  
  137  6:59  Overlord x2  
  137  7:03  Roach x2  
  139  7:13  Ravager x3  
  139  7:15  Zergling x12  
  143  7:19  Roach x2  
  154  7:23  Roach x2  
  154  7:28  Zergling x2, Roach x2  
  156  7:34  Ravager  
Tags
 
Add a new tag
Caveats
  • Supply blocks, unpowered buildings, or Contaminate may cause inaccurate times.
  • Supply counts are checked every 10 seconds.